 Dungeon Crawl Stone Soup version 0.23.2-40-g277498a001 (webtiles) character file.

Game seed: 14367066692515336036

163 Descartes the Ruffian (level 5, -15/53 HPs)
             Began as a Troll Monk on Oct 21, 2019.
             Demolished by an ogre
             ... wielding a +0 giant club
              (25 damage)
             ... on level 3 of the Dungeon.
             The game lasted 00:03:18 (1741 turns).

Descartes the Ruffian (Troll Monk)                  Turns: 1741, Time: 00:03:20

Health: -15/53     AC:  6    Str: 20    XL:     5   Next: 20%
Magic:  4/4        EV: 11    Int:  6    God:
Gold:   141        SH:  0    Dex: 12    Spells: 4/4 levels left

rFire    . . .     SeeInvis .     - Unarmed
rCold    . . .     Gourm    +   (no shield)
rNeg     . . .     Faith    .   a - +0 robe
rPois    .         Spirit   .   (helmet restricted)
rElec    .         Reflect  .   (no cloak)
rCorr    .         Harm     .   (gloves unavailable)
MR       .....                  (boots unavailable)
Stlth    ++........             q - amulet of the acrobat
HPRegen  0.57/turn              (no ring)
MPRegen  0.09/turn              (no ring)

@: no status effects
A: large, unfitting armour, claws 3, fast metabolism 3, gourmand, regeneration
1, shaggy fur 1, tough skin 3
a: no special abilities


You were on level 3 of the Dungeon.
You were very full.

You visited 1 branch of the dungeon, and saw 3 of its levels.

You collected 141 gold pieces.

Inventory:

Missiles
 i - 25 poisoned needles
 p - 17 arrows
Armour
 a - a +0 robe (worn)
Jewellery
 q - an amulet of the acrobat (around neck)
Scrolls
 g - a scroll of teleportation
 k - a scroll of fog {unknown}
Potions
 c - 2 potions of degeneration
 d - a potion of heal wounds {unknown}
 e - a potion of agility {unknown}
 f - a potion of magic {unknown}
 h - 4 potions of flight {unknown}
 j - 2 potions of curing
 l - a potion of invisibility {unknown}
 n - a potion of might {unknown}
 r - a potion of brilliance {unknown}
Comestibles
 b - 7 rations
 m - 7 chunks of flesh


   Skills:
 + Level 3.4 Fighting
 + Level 3.4 Dodging
 - Level 1.0 Stealth
 + Level 4.2 Unarmed Combat


You had 4 spell levels left.
You didn't know any spells.
Your spell library was empty.

Dungeon Overview and Level Annotations

Branches:
Dungeon (3/15)

Altars:
Fedhas
Okawaru


Innate Abilities, Weirdness & Mutations

You are too large for most types of armour.
You have claws for hands.
Your metabolism is lightning-fast.
You like to eat raw meat.
Your natural rate of healing is unusually fast.
You are covered in fur. (AC +1)
You have extremely tough skin. (AC +3)


Message History

You are too injured to fight recklessly!
You scratch the ogre.
The ogre is lightly wounded.
You barely miss the ogre.
The ogre is lightly wounded.
The ogre closely misses you.
A worker ant comes into view.
You scratch the ogre.
The ogre is moderately wounded.
The ogre hits you with a +0 giant club!
* * * LOW HITPOINT WARNING * * *
You claw the ogre!
The ogre is severely wounded.
The ogre closely misses you.
You barely miss the ogre.
The ogre is severely wounded.
You scratch the ogre.
The ogre is almost dead.
The ogre hits you with a +0 giant club!!
You die...

#### ### #######...
...#.....#.####
..###.#.#.........
..............#####.
......O@..a.........
...##.#.#.#.#######.
# #.#.#.#######
#...#.......#
#.#.#..####.# .##..
## #.#.#..# .... .
#.#....# # #...#.
#.###.##### ..#.....
#.........###


You could see an ogre and a worker ant.

Vanquished Creatures
  A worker ant (D:3)
  7 adders
  3 gnolls (D:3)
  A worm (D:1)
  A dart slug (D:3)
  A leopard gecko (D:2)
  2 orcs (D:3)
  4 giant cockroaches
  4 goblins
  5 hobgoblins (D:1)
  4 kobolds
  A ball python (D:1)
  7 bats
  2 frilled lizards
  6 rats
49 creatures vanquished.

Notes
Turn   | Place    | Note
-------+----------+-------------------------------------------
     0 | D:1      | Descartes the Troll Monk began the quest for the Orb.
     0 | D:1      | Reached XP level 1. HP: 22/22 MP: 0/0
    67 | D:1      | Reached XP level 2. HP: 29/29 MP: 1/1
   639 | D:1      | Reached XP level 3. HP: 36/36 MP: 2/2
  1037 | D:2      | Found an iron altar of Okawaru.
  1084 | D:2      | Reached XP level 4. HP: 45/45 MP: 3/3
  1417 | D:3      | Reached skill level 4 in Unarmed Combat
  1501 | D:3      | Reached XP level 5. HP: 11/53 MP: 4/4
  1701 | D:3      | Found a blossoming altar of Fedhas.
  1730 | D:3      | Noticed an ogre
  1741 | D:3      | Demolished by an ogre

Skill      XL: |  1  2  3  4 |
---------------+-------------+-----
Fighting       | 3 |  3.4
Dodging        | 3 |  3.4
Unarmed Combat | 4 |  4.2
Stealth        | |  1.0

Action                   |  1- 3 |  4- 6 || total
-------------------------+-------+-------++-------
Melee: Unarmed           |    89 |    64 ||   153
       Punch             |       |     1 ||     1
  Use: Scroll            |       |     5 ||     5
 Stab: Sleeping          |     1 |     3 ||     4
  Eat: Chunk             |    15 |     6 ||    21
Armor: Robe              |    24 |    19 ||    43
Dodge: Dodged            |    39 |    38 ||    77
